 Dungeon Crawl Stone Soup version 0.29-a0-207-gf982a884d8 (webtiles) character file.

Game seed: 12417386381393612563

10 horus123 the Chiller (level 2, -4/19 HPs)
             Began as a Demonspawn Ice Elementalist on Feb 24, 2022.
             Slain by a gnoll
             ... wielding a +0 flail
              (5 damage)
             ... on level 1 of the Dungeon.
             The game lasted 00:00:56 (421 turns).

horus123 the Chiller (Demonspawn Ice Elementalist)   Turns: 421, Time: 00:00:57

Health: -4/19      AC:  2    Str:  8    XL:     2   Next: 10%
Magic:  2/5        EV: 12    Int: 16    God:
Gold:   18         SH:  0    Dex: 13    Spells: 5/6 levels left

rFire   . . .      SeeInvis .   (no weapon)
rCold   . . .      Faith    .   (no shield)
rNeg    . . .      Spirit   .   a - +0 robe
rPois   .          Reflect  .   (no helmet)
rElec   .          Harm     .   (no cloak)
rCorr   .          Rampage  .   (no gloves)
Will    .....                   (no boots)
Stlth   ++........              (no amulet)
HPRegen 0.06/turn               (no ring)
MPRegen 0.09/turn               (no ring)

@: no status effects
A: foul stench 1
a: no special abilities


You were on level 1 of the Dungeon.
You visited 1 branch of the dungeon, and saw 1 of its levels.

You collected 18 gold pieces.

Inventory:

Armour
 a - a +0 robe (worn)
Jewellery
 b - a +6 ring of dexterity
Potions
 c - a potion of heal wounds {unknown}
 d - a potion of ambrosia {unknown}


   Skills:
 - Level 1.7 Dodging
 - Level 1.7 Stealth
 + Level 2.7 Spellcasting
 - Level 3.6 Ice Magic


You had 5 spell levels left.
You knew the following spells:

 Your Spells              Type           Power      Damage    Failure   Level
a - Freeze                Ice            52%        1d7       4%          1

Your spell library contained the following spells:

 Spells                   Type           Power      Damage    Failure   Level
 Frozen Ramparts          Ice            26%        1d4       13%         3
 Ozocubu's Armour         Ice            13%        N/A       13%         3
 Hailstorm                Conj/Ice       7%         3d4       67%         4


Dungeon Overview and Level Annotations

Branches:
Dungeon (1/15)

Altars:


Innate Abilities, Weirdness & Mutations

You may rarely emit foul miasma when damaged in melee.


Message History

You begin to emit a foul stench of rot and decay.
You have 18 gold pieces.
Sorry, you're not good enough to have a special ability.
Sorry, you're not good enough to have a special ability.
Unknown command.
Sorry, you're not good enough to have a special ability.
Unknown command.
A bat comes into view.
You barely miss the bat. The bat barely misses you. The bat closely misses you.
The bat barely misses you.
You freeze the bat.
The bat is severely wounded.
The bat barely misses you. The bat misses you.
You freeze the bat.
You kill the bat!
You see here a bat corpse.
A gnoll comes into view. It is wielding a +0 flail.
A kobold comes into view. It is wielding a +0 short sword.
The gnoll shouts!
The kobold shouts!
The gnoll closely misses you.
You freeze the gnoll.
The gnoll is lightly wounded.
The gnoll hits you with a +0 flail!
Ouch! That really hurt!
You are too injured to fight recklessly!
Aiming: Freeze (safe; 4% risk of failure)
Press: ? - help, Q - select action Shift-Dir - straight line, f/p - gnoll
Aim: a gnoll, wielding a +0 flail (lightly wounded)
You freeze the gnoll.
The gnoll is moderately wounded.
The gnoll hits you with a +0 flail.
* * * LOW HITPOINT WARNING * * *
Aiming: Freeze (safe; 4% risk of failure)
Press: ? - help, Q - select action Shift-Dir - straight line, f/p - gnoll
Aim: a gnoll, wielding a +0 flail (moderately wounded)
You freeze the gnoll.
The gnoll is heavily wounded.
The gnoll hits you with a +0 flail.
You die...

#.##.#.## #.>......
.# #.##.#.## .#
#.##.#.#####.#
#.##.......#.#
#.##.#...†.#.#
#.##.##.##.#K#
#..........#g######
#.##.##.##.@?......
#............######
####..>....###
####.##.. #.#### #
#


You could see a gnoll and a kobold.

Vanquished Creatures
  3 bats (D:1)
  2 endoplasms (D:1)
  A goblin (D:1)
  A quokka (D:1)
  2 frilled lizards (D:1)
9 creatures vanquished.

Notes
Turn   | Place    | Note
-------+----------+-------------------------------------------
     0 | D:1      | horus123 the Demonspawn Ice Elementalist began the quest
                  | for the Orb.
     0 | D:1      | Reached XP level 1. HP: 13/13 MP: 3/3
     3 | D:1      | Noticed an electric eel
     4 | D:1      | Noticed an electric eel
   364 | D:1      | Gained mutation: You may rarely emit foul miasma when
                  | damaged in melee. [demonic ancestry]
   364 | D:1      | Reached XP level 2. HP: 19/19 MP: 3/5
   421 | D:1      | Slain by a gnoll

Illustrated notes

Levels and vault maps discovered:
D:1:      arrival_aquarium_b, layout_loops_ring

Action                   || total
-------------------------++-------
Melee: Unarmed           ||     2
 Cast: Freeze            ||    16
Armor: Robe              ||     3
Dodge: Dodged            ||    13

Table legend: (Time is in decaauts)
 A = Elapsed time spent in this place.
 B = Non-inter-level travel time spent in this place.
 C = Inter-level travel time spent in this place.
 D = Time resting spent in this place.
 E = Time spent auto-exploring this place.
 F = Levels seen in this place.
 G = Mean time per level.
                   A        B        C        D        E       F      G
               +--------+--------+--------+--------+--------+-----+--------+
         Total |    421 |    421 |      0 |     43 |    300 |   1 |  421.0 |
       Dungeon |    421 |    421 |      0 |     43 |    300 |   1 |  421.0 |
               +--------+--------+--------+--------+--------+-----+--------+

Top non-repeatable levels by time:
     D:1: 421 daAuts
